 Dungeon Crawl Stone Soup version 0.26-a0-507-g0ae5976 (webtiles) character file.

Game seed: 3954713258967805737

3469 Illumine the Grappler (level 9, -17/85 HPs)
             Began as a Troll Monk on Aug 9, 2020.
             Was an Elder of Cheibriados.
             Demolished by a two-headed ogre
             ... wielding a +0 giant spiked club
              (20 damage)
             ... on level 8 of the Dungeon.
             The game lasted 00:15:33 (6200 turns).

Illumine the Grappler (Troll Monk)                  Turns: 6200, Time: 00:15:34

Health: -17/85     AC:  8    Str: 31    XL:     9   Next: 79%
Magic:  19/19      EV: 14    Int: 17    God:    Cheibriados [****..]
Gold:   429        SH:  5    Dex: 21    Spells: 8/8 levels left

rFire    . . .     SeeInvis .     - Unarmed
rCold    . . .     Faith    .   (no shield)
rNeg     . . .     Spirit   .   n - +1 robe
rPois    .         Reflect  +   (helmet restricted)
rElec    .         Harm     .   G - +0 cloak
rCorr    .                      (gloves unavailable)
MR       .....                  (boots unavailable)
Stlth    ++........             J - amulet of reflection
HPRegen  0.64/turn              b - ring of magical power
MPRegen  0.16/turn              (no ring)

@: lethally poisoned (-17 -> -17), very slow
A: large, unfitting armour, claws 3, regeneration 1, shaggy fur 1, tough skin 3
a: Bend Time, Temporal Distortion, Slouch, Renounce Religion


You were on level 8 of the Dungeon.
You worshipped Cheibriados.
Cheibriados was greatly pleased with you.
You visited 2 branches of the dungeon, and saw 9 of its levels.

You collected 429 gold pieces.

Inventory:

Hand Weapons
 a - a +0 hunting sling
Missiles
 c - 259 stones
 i - 155 sling bullets
 r - a large rock (quivered)
Armour
 n - a +1 robe (worn)
 F - a +0 kite shield
 G - a +0 cloak (worn)
Jewellery
 b - a ring of magical power (left claw)
 g - an uncursed ring of ice
 v - an uncursed ring of teleportation
 x - an uncursed ring of fire
 J - an amulet of reflection (around neck)
Wands
 p - a wand of polymorph (5)
 s - a wand of paralysis (16)
 w - a wand of acid (7)
 C - a wand of flame (25)
 I - a wand of iceblast (10)
Scrolls
 h - 2 scrolls of enchant armour
 k - 3 scrolls of fear
 o - 3 scrolls of remove curse
 t - 2 scrolls of blinking
 y - 2 scrolls of enchant weapon {unknown}
 z - 2 scrolls of teleportation {unknown}
 B - a scroll of amnesia
 H - a scroll of summoning {unknown}
Potions
 d - 4 potions of curing
 e - a potion of berserk rage
 f - 2 potions of lignification
 j - a potion of might
 l - a potion of invisibility {unknown}
 m - 2 potions of resistance
 q - 2 potions of mutation
 u - a potion of stabbing {unknown}
 A - 3 potions of heal wounds {unknown}
 D - a potion of brilliance {unknown}
 E - 2 potions of flight {unknown}


   Skills:
 + Level 4.7 Fighting
 + Level 3.0 Throwing
 + Level 6.2 Dodging
 - Level 1.0 Stealth
 * Level 10.2 Unarmed Combat
 + Level 3.3 Invocations
 + Level 0.0 Evocations


You had 8 spell levels left.
You didn't know any spells.
Your spell library contained the following spells:

 Spells                   Type           Power        Failure   Level
 Freeze                   Ice            #...         24%         1
 Confusing Touch          Hex            #.......     56%         3
 Frozen Ramparts          Ice            #.....       56%         3
 Gell's Gravitas          Tloc           #.........   56%         3
 Ozocubu's Armour         Ice            #.......     56%         3
 Hailstorm                Conj/Ice       #.......     93%         4
 Petrify                  Tmut/Erth      #.......     93%         4
 Summon Ice Beast         Ice/Summ       #.......     93%         4
 Metabolic Englaciation   Hex/Ice        #.........   100%        5
 Yara's Violent Unravell  Hex/Tmut       #.........   100%        5


Dungeon Overview and Level Annotations

Branches:
Dungeon (8/15)             Temple (1/1) D:5
   Lair: D:8-11

Altars:
Ashenzari
Cheibriados
Dithmenos
Elyvilon
Fedhas
Gozag
Hepliaklqana
Kikubaaqudgha
Nemelex Xobeh
Okawaru
Qazlal
Ru
Trog
Uskayaw
Vehumet
Wu Jian
Xom
Yredelemnul
Zin
The Shining One


Innate Abilities, Weirdness & Mutations

You are too large for most types of armour.
You have claws for hands.
Your natural rate of healing is unusually fast.
You are covered in fur. (AC +1)
You have extremely tough skin. (AC +3)


Message History

Unknown command.
Throwing (i - inventory. (/) - cycle)
r - 3 large rocks (quivered)
Press: ? - help, Shift-Dir - straight line, f/p - two-headed ogre
Aim: a two-headed ogre, wielding a +0 giant spiked club and a +0 giant club You throw a large rock.
The large rock barely misses the two-headed ogre.
You feel sick.
The two-headed ogre hits you with a +0 giant spiked club!
You block the two-headed ogre's attack.
Throwing (i - inventory. (/) - cycle)
r - 2 large rocks (quivered)
Press: ? - help, Shift-Dir - straight line, f/p - two-headed ogre
Aim: a two-headed ogre, wielding a +0 giant spiked club and a +0 giant club You throw a large rock.
The large rock hits the two-headed ogre.
The two-headed ogre is lightly wounded.
You feel sick.
The two-headed ogre hits you with a +0 giant spiked club!!
* * * LOW HITPOINT WARNING * * *
The two-headed ogre hits you with a +0 giant club!!
You die...

#. #.# #.. ###
#..#(. #?$#.#####.h
#....(.....c #.#
#O# #@# ##.###.#
###......#
##########....#####
#.........[...#
#.............#
#.............##
#......)........#
#.......).#####.#


You could see a two-headed ogre.

Vanquished Creatures
  A hippogriff (D:7)
  2 humans (D:7)
  An acid dragon (D:7)
  Duvessa (D:4)
  An ice beast (D:5)
  2 sky beasts
  A black bear (D:6)
  An orc warrior (D:6)
  A phantom (D:6)
  5 centaurs
  A big kobold (D:8)
  3 bullfrogs
  Dowan (D:4)
  A water moccasin skeleton (D:6)
  2 scorpions
  7 killer bees
  3 wights (D:8)
  A howler monkey (D:6)
  A quasit (D:7)
  4 hounds
  2 bullfrog skeletons
  3 jellies
  An orc priest (D:5)
  3 orc wizards
  A centaur skeleton (D:6)
  An iguana (D:7)
  5 worker ants
  7 gnolls
  2 howler monkey skeletons
  12 adders
  A river rat (D:5)
  2 shadow imps
  4 white imps
  An ufetubus (D:7)
  An adder skeleton (D:4)
  4 worms
  2 dart slugs
  5 leopard geckos
  11 orcs
  5 bats
  6 giant cockroaches
  5 goblins
  6 hobgoblins
  A jackal (D:7)
  4 quokkas
  4 ball pythons
  5 frilled lizards
  10 kobolds
  A quokka skeleton (D:4)
  5 rats
160 creatures vanquished.

Vanquished Creatures (others)
  A big kobold (D:7)
  A quokka (D:6)
  3 kobolds (D:7)
5 creatures vanquished.

Grand Total: 165 creatures vanquished

Notes
Turn   | Place    | Note
-------+----------+-------------------------------------------
     0 | D:1      | Illumine the Troll Monk began the quest for the Orb.
     0 | D:1      | Reached XP level 1. HP: 22/22 MP: 0/0
   335 | D:1      | Reached XP level 2. HP: 29/29 MP: 1/1
   703 | D:2      | Found a stormy altar of Qazlal.
   734 | D:2      | Reached XP level 3. HP: 36/36 MP: 2/2
   862 | D:2      | Reached skill level 4 in Unarmed Combat
  1221 | D:2      | Reached XP level 4. HP: 44/44 MP: 3/3
  1578 | D:3      | Found a shattered altar of Ashenzari.
  1759 | D:3      | Reached skill level 5 in Unarmed Combat
  1759 | D:3      | Reached XP level 5. HP: 28/50 MP: 4/4
  2238 | D:4      | Noticed Dowan
  2239 | D:4      | Noticed Duvessa
  2254 | D:5      | Entered Level 5 of the Dungeon
  2543 | D:5      | Reached XP level 6. HP: 59/59 MP: 5/5
  2579 | D:5      | Noticed a sky beast
  2593 | D:5      | Found a glowing silver altar of Zin.
  2634 | D:5      | Killed a sky beast
  2634 | D:5      | Reached skill level 6 in Unarmed Combat
  2673 | D:5      | Found a radiant altar of Vehumet.
  2698 | D:5      | Noticed an ice beast
  2714 | D:6      | Noticed an orc warrior
  3104 | D:7      | Found an iron altar of Okawaru.
  3106 | D:7      | Noticed a human
  3106 | D:7      | Noticed a human
  3112 | D:7      | Killed a human
  3112 | D:7      | Reached skill level 7 in Unarmed Combat
  3112 | D:7      | Reached XP level 7. HP: 65/66 MP: 6/6
  3122 | D:7      | Killed a human
  3332 | D:5      | Found a glowing golden altar of the Shining One.
  3497 | D:5      | Reached skill level 8 in Unarmed Combat
  3530 | D:4      | Reached XP level 8. HP: 74/74 MP: 7/7
  3585 | D:4      | Reached skill level 5 in Dodging
  3740 | D:4      | Killed Duvessa
  3745 | D:4      | Killed Dowan
  3966 | D:5      | Found a staircase to the Ecumenical Temple.
  3988 | Temple   | Entered the Ecumenical Temple
  4063 | Temple   | Became a worshipper of Cheibriados the Contemplative
  4063 | Temple   | Reached * piety under Cheibriados
  4063 | Temple   | Reached ** piety under Cheibriados
  4354 | D:6      | Found a white marble altar of Elyvilon.
  4410 | D:6      | Found a shadowy altar of Dithmenos.
  4427 | D:6      | Reached skill level 1 in Invocations
  4435 | D:6      | Reached skill level 9 in Unarmed Combat
  4482 | D:6      | Reached skill level 1 in Throwing
  4566 | D:6      | Reached XP level 9. HP: 84/84 MP: 9/9
  5132 | D:7      | Reached *** piety under Cheibriados
  6107 | D:8      | Reached skill level 10 in Unarmed Combat
  6189 | D:8      | Reached **** piety under Cheibriados
  6195 | D:8      | Noticed a two-headed ogre
  6200 | D:8      | HP: 3/85 [two-headed ogre/+0 giant spiked club (26)]
  6200 | D:8      | Demolished by a two-headed ogre

Illustrated notes

Levels and vault maps discovered:
D:1:      psy_arrival_radial01, layout_loops_cross
D:2:      layout_loops_ring, nicolae_qazlal_eye_of_the_storm
D:3:      layout_loops_ring, evilmike_ruin_ashenzari
D:4:      layout_cave_pools, uniq_duvessa
D:5:      layout_basic, tso_oasis_becter, kennysheep_little_box,
          vehumet_crystals, minmay_temple_entry_statues_pillars,
          cheibrodos_sewer_entry_sluice
D:6:      layout_basic, elyvilon_altar_4, minmay_ruined_shrine
D:7:      minmay_opposing_rooms, layout_loops_corners, okawaru_humans,
          lemuel_flame_loot_1
D:8:      layout_basic, serial_shops, shop, uniq_gastronok, uniq_harold
Temple:   cyrus_circular_temple

Skill      XL: |  1  2  3  4  5  6  7  8  9 |
---------------+----------------------------+-----
Unarmed Combat | 4 5 7 8 9 10 | 10.2
Dodging        | 3 4 5 6 |  6.2
Fighting       | 3 4 |  4.7
Invocations    | 1 3 |  3.3
Throwing       | 1 3 |  3.0
Stealth        | |  1.0

Action                   |  1- 3 |  4- 6 |  7- 9 || total
-------------------------+-------+-------+-------++-------
Melee: Unarmed           |    76 |   151 |   190 ||   417
       Punch             |       |     1 |     9 ||    10
 Fire: Hunting sling     |    16 |     8 |       ||    24
Throw: Large rock        |       |    13 |    11 ||    24
       Stone             |       |     1 |     1 ||     2
Evoke: Wand              |       |       |     8 ||     8
  Use: Scroll            |     6 |     9 |     2 ||    17
 Stab: Sleeping          |     3 |     2 |     1 ||     6
Armor: Robe              |    39 |    61 |    48 ||   148
Dodge: Dodged            |    42 |    89 |   153 ||   284
Block: Other             |       |       |    16 ||    16
       Reflection        |       |       |     2 ||     2

Table legend: (Time is in decaauts)
 A = Elapsed time spent in this place.
 B = Non-inter-level travel time spent in this place.
 C = Inter-level travel time spent in this place.
 D = Time resting spent in this place.
 E = Time spent auto-exploring this place.
 F = Levels seen in this place.
 G = Mean time per level.
                   A        B        C        D        E       F      G
               +--------+--------+--------+--------+--------+-----+--------+
         Total |   7107 |   6780 |    327 |    828 |   4017 |   9 |  789.7 |
       Dungeon |   7022 |   6706 |    316 |    828 |   3947 |   8 |  877.8 |
        Temple |     85 |     75 |     10 |      0 |     70 |   1 |   85.0 |
               +--------+--------+--------+--------+--------+-----+--------+

Top non-repeatable levels by time:
     D:7: 1925 daAuts
     D:6: 1191 daAuts
     D:5: 1073 daAuts
     D:2: 749 daAuts
     D:3: 735 daAuts
     D:1: 656 daAuts
     D:4: 502 daAuts
     D:8: 188 daAuts
  Temple: 85 daAuts
